Map: [ESL] Moondance

Players

A.I. 2 (Very Easy) - Winner!

  • Race: Zerg Zerg
  • Spawn Location: 12:00

Barcode

  • Race: Terran Terran
  • League: Diamond
  • Spawn Location: 6:00

VOD

Have the link to the VOD?

Description

Time

  • Played on: July 10, 2022, 2:52 p.m.
  • Length: 8:18
Show
View Real Time Build Order
Export as new Build Order

A.I. 2 (Very Easy) Zerg - Winner!

Build Orders: Pool First 

Get SALT Encoding   

  12  0:01  Drone  
  13  0:12  Overlord  
  13  0:16  Drone  
  14  0:34  Spawning Pool  
  13  0:37  Drone  
  13  0:41  Extractor  
  13  0:44  Drone  
  14  0:52  Overlord  
  14  1:21  Zergling x2, Queen  
  17  1:29  Roach Warren  
  17  1:31  Drone  
  17  1:36  Extractor  
  16  1:40  Drone  
  17  1:49  Zergling x2  
  18  1:59  Drone  
  19  2:06  Drone  
  20  2:15  Drone  
  21  2:17  Zergling x2  
  22  2:25  Overlord  
  22  2:29  Drone  
  23  2:36  Drone  
  24  2:43  Drone  
  25  2:45  Roach  
  27  4:30  Zergling x2  
  23  4:58  Zergling x2  
  24  5:25  Zergling x2  
  25  5:53  Roach  
  27  7:22  Drone  
  28  7:28  Hatchery  
  28  7:29  Drone  
  26  7:37  Drone, Zergling x2  
  25  7:44  Drone  
  26  7:51  Drone  
Show
View Real Time Build Order
Export as new Build Order

Barcode Terran 

Build Orders:  

Get SALT Encoding   

  12  0:00  SCV  
  13  0:12  SCV  
  14  0:16  Supply Depot  
  14  0:24  SCV  
  15  0:38  SCV  
  15  0:39  Barracks  
  16  0:43  Refinery  
  16  0:50  SCV  
  17  1:02  SCV  
  18  1:14  SCV  
  19  1:26  Marine  
  19  1:30  Orbital Command  
  20  1:41  Command Center  
  20  1:44  Barracks Reactor  
  20  1:49  Supply Depot  
  20  1:56  SCV  
  21  2:05  Factory  
  21  2:08  SCV  
  22  2:20  SCV, Marine x2  
  25  2:23  Refinery  
  25  2:32  SCV  
  26  2:38  Marine x2  
  28  2:48  Hellion  
  28  2:50  Starport  
  30  2:51  SCV  
  30  2:54  Orbital Command  
  30  2:57  Marine  
  32  2:58  Marine  
  33  3:08  SCV  
  33  3:10  Hellion  
  36  3:16  Marine  
  37  3:20  SCV  
  37  3:23  SCV, Supply Depot  
  39  3:30  Medivac  
  39  3:32  SCV  
  42  3:34  Hellion  
  42  3:38  SCV  
  45  3:44  Marine  
  45  3:45  SCV, Marine  
  45  3:47  Supply Depot  
  48  4:07  SCV x2  
  50  4:11  Factory Tech Lab, Starport Tech Lab  
  50  4:13  Marine x2  
  50  4:14  Barracks  
  50  4:15  Barracks  
  50  4:16  Supply Depot  
  52  4:19  SCV  
  52  4:20  SCV  
  54  4:31  SCV  
  54  4:36  SCV, Marine x2  
  56  4:38  Siege Tank  
  56  4:42  Raven  
  56  4:44  SCV  
  62  4:48  SCV  
  62  4:49  Supply Depot  
  63  4:56  SCV  
  63  4:59  Supply Depot  
  64  5:00  SCV, Marine x2  
  67  5:08  SCV  
  67  5:12  SCV, Supply Depot  
  69  5:22  Command Center, Factory Tech Lab  
  69  5:24  Stimpack  
  69  5:25  Marine  
  69  5:26  Marine x2  
  72  5:31  SCV  
  72  5:33  SCV, Supply Depot  
  74  5:37  Refinery, Starport Reactor  
  74  5:38  Combat Shield  
  74  5:40  Refinery, Marine  
  75  5:42  Marine  
  75  5:43  Marine  
  75  5:46  Siege Tank  
  75  5:47  SCV  
  81  5:50  Supply Depot  
  81  5:56  SCV  
  82  5:57  Engineering Bay  
  82  5:58  Engineering Bay  
  82  5:59  SCV  
  82  6:00  Marine  
  82  6:01  Marine  
  82  6:02  Marine  
  86  6:08  SCV  
  87  6:11  SCV  
  87  6:12  Marine  
  87  6:17  Medivac x2  
  87  6:18  Marine  
  94  6:20  SCV, Siege Tank  
  94  6:24  Marauder, Marine  
  101  6:30  Marine, Supply Depot  
  102  6:36  Marine  
  102  6:37  Orbital Command  
  103  6:41  Marine  
  103  6:45  SCV, Marine  
  106  6:48  Marine  
  106  6:52  Siege Tank  
  106  6:53  Marine  
  111  6:57  Medivac, Orbital Command  
  111  6:59  Marine  
  114  7:03  Marine  
  114  7:06  Marine  
  114  7:08  SCV x2  
  118  7:11  Marine, Supply Depot  
  119  7:17  Medivac, Marine  
  119  7:20  SCV  
  119  7:21  Marine, Supply Depot  
  124  7:24  Marine  
  124  7:27  Siege Tank  
  124  7:29  SCV, Marine  
  130  7:30  SCV  
  130  7:35  Marine  
  132  7:38  Marine  
  132  7:40  Barracks x2  
  132  7:41  Marine  
  132  7:43  Armory  
  134  7:46  SCV x3  
  137  7:51  Marine  
  137  7:53  Marine  
  137  7:56  Marine  
  137  7:58  SCV x2  
  144  7:59  Marine  
Tags
 
League
Diamond
Matchup
TvZ
Opening
Pool First
Spawn Locations
Cross Positions
Add a new tag
Caveats
  • Supply blocks, unpowered buildings, or Contaminate may cause inaccurate times.
  • Supply counts are checked every 10 seconds.